Map: [ESL] Babylon

Players

Maru

  • Race: Terran Terran

Oliveira - Winner!

  • Race: Terran Terran

Event: IEM Katowice 2023

VOD

https://youtu.be/TIAcACrBxJ4?t=2221

Description

Time

  • Played on: Feb. 12, 2023, 1:44 p.m.
  • Length: 6:41

All games in this series

Show
View Real Time Build Order
Export as new Build Order

Maru Terran 

Build Orders:  

Get SALT Encoding   

  12  0:00  SCV  
  13  0:12  SCV  
  14  0:17  Supply Depot  
  14  0:24  SCV  
  15  0:39  SCV  
  15  0:40  Barracks  
  16  0:43  Refinery  
  16  0:51  SCV  
  16  0:53  Refinery  
  17  1:03  SCV  
  18  1:15  SCV  
  19  1:27  Orbital Command, Reaper  
  19  1:30  Supply Depot  
  20  1:41  Factory  
  20  1:53  SCV  
  21  1:59  Reaper  
  22  2:05  SCV  
  23  2:16  Command Center  
  23  2:20  SCV  
  24  2:25  Hellion  
  26  2:32  SCV, Barracks Reactor  
  27  2:38  Starport  
  27  2:44  SCV  
  27  2:47  Supply Depot  
  27  2:49  Factory Tech Lab  
  28  2:56  SCV  
  29  3:08  Siege Tank, SCV  
  33  3:14  Marine x2  
  33  3:18  Medivac  
  37  3:20  SCV  
  38  3:31  Orbital Command, Marine x2  
  40  3:35  SCV  
  40  3:39  Supply Depot  
  41  3:45  Cyclone  
  41  3:47  SCV  
  45  3:50  Refinery  
  45  4:01  SCV  
  45  4:06  Marine, Viking x2  
  50  4:11  SCV  
  50  4:13  SCV  
  51  4:23  SCV  
  45  4:25  SCV  
  38  4:33  Siege Tank  
  38  4:35  SCV  
  38  4:37  SCV  
  43  4:47  SCV  
  43  4:50  Marine x2, Starport Tech Lab, SCV  
  47  4:59  SCV  
  48  5:02  SCV  
  48  5:04  Command Center  
  47  5:10  Raven  
  47  5:11  SCV  
  47  5:14  SCV  
  51  5:16  Siege Tank  
  51  5:18  Marine  
  51  5:19  Marine  
  56  5:24  SCV  
  56  5:26  SCV  
  56  5:28  Supply Depot  
  58  5:36  SCV  
  58  5:38  SCV  
  60  5:47  Supply Depot  
  60  5:48  SCV  
  60  5:50  SCV  
  60  5:51  Siege Tank, Viking x2  
  68  6:00  SCV  
  68  6:02  SCV  
  70  6:08  Marine  
  70  6:12  SCV  
  70  6:14  SCV  
  70  6:15  Barracks  
  70  6:16  Barracks  
  72  6:24  SCV  
  77  6:28  SCV  
Show
View Real Time Build Order
Export as new Build Order

Oliveira Terran - Winner!

Build Orders:  

Get SALT Encoding   

  12  0:00  SCV  
  13  0:12  SCV  
  14  0:17  Supply Depot  
  14  0:24  SCV  
  15  0:38  SCV  
  15  0:39  Barracks  
  16  0:44  Refinery  
  16  0:50  SCV  
  16  0:53  Refinery  
  17  1:03  SCV  
  18  1:15  SCV  
  19  1:27  Orbital Command, Reaper  
  19  1:30  Supply Depot  
  20  1:41  Factory  
  20  1:53  SCV  
  21  1:59  Reaper  
  22  2:06  SCV  
  23  2:16  Command Center  
  23  2:19  SCV  
  24  2:25  Hellion  
  26  2:31  SCV  
  26  2:32  Reaper  
  28  2:38  Supply Depot  
  28  2:43  SCV  
  29  2:46  Factory Tech Lab  
  29  2:50  Starport  
  29  2:55  SCV  
  30  3:05  Cyclone  
  33  3:11  Barracks Reactor  
  33  3:12  SCV  
  34  3:15  Refinery  
  34  3:24  SCV  
  35  3:27  Starport Tech Lab  
  35  3:28  Orbital Command  
  35  3:36  SCV  
  35  3:39  Siege Tank  
  39  3:47  Marine x2  
  41  3:48  SCV  
  41  3:54  SCV  
  43  3:59  Raven  
  43  4:00  SCV  
  46  4:05  Marine x2  
  46  4:09  SCV  
  49  4:11  Supply Depot  
  49  4:13  SCV  
  50  4:21  Siege Tank  
  50  4:22  SCV  
  50  4:23  Marine x2  
  52  4:27  SCV  
  49  4:34  SCV  
  50  4:39  SCV  
  51  4:46  SCV, Viking x2  
  51  4:52  Supply Depot  
  56  4:53  Stimpack  
  56  4:54  Marine  
  56  4:58  SCV x2  
  59  5:07  Siege Tank  
  59  5:11  Supply Depot  
  62  5:14  SCV x2  
  62  5:16  Marine  
  62  5:18  Viking  
  67  5:31  Viking  
  67  5:32  SCV  
  67  5:33  SCV  
  67  5:34  Marine  
  67  5:35  Supply Depot  
  71  5:43  Siege Tank  
  71  5:44  SCV  
  71  5:48  SCV  
  76  5:51  Viking  
  76  5:55  Command Center  
  76  5:57  Marine  
  78  6:04  Supply Depot  
  79  6:05  Refinery  
  79  6:08  Viking  
  79  6:10  SCV  
  79  6:11  SCV  

Tags
 
Add a new tag
Caveats
  • Supply blocks, unpowered buildings, or Contaminate may cause inaccurate times.
  • Supply counts are checked every 10 seconds.